 Dungeon Crawl Stone Soup version 0.30-a0-760-g5a9884bb7c (webtiles) character file.

Game seed: 17741110216755957692

52 mandoloar the Shield-Bearer (level 3, 37/37 HPs)
             Began as a Troll Fighter on Feb 10, 2023.
             Quit the game on level 2 of the Dungeon.
             The game lasted 00:03:36 (1270 turns).

mandoloar the Shield-Bearer (Troll Fighter)         Turns: 1270, Time: 00:03:37

Health: 37/37      AC:  4    Str: 24    XL:     3   Next: 60%
Magic:  2/2        EV:  8    Int:  6    God:
Gold:   77         SH: 12    Dex:  9    Spells: 2/2 levels left

rFire   . . .      SeeInvis .      - Unarmed
rCold   . . .      Faith    .    b - +0 kite shield
rNeg    . . .      Spirit   .    a - +0 robe
rPois   .          Reflect  +    (helmet restricted)
rElec   .          Harm     .    (no cloak)
rCorr   .          Rampage  .    (gloves unavailable)
Will    .....                    (boots unavailable)
Stlth   +                        d - amulet of reflection
HPRegen 1.06/turn                (no ring)
MPRegen 0.08/turn                (no ring)

@: no status effects
A: large, unfitting armour, claws 3, regeneration 1, shaggy fur 1, tough skin 1
a: no special abilities


You were on level 2 of the Dungeon.
You visited 1 branch of the dungeon, and saw 2 of its levels.

You collected 77 gold pieces.

Inventory:

Armour
 a - a +0 robe (worn)
 b - a +0 kite shield (worn)
Jewellery
 d - an amulet of reflection (around neck)
Scrolls
 f - 2 scrolls of identify {unknown}
 h - a scroll of teleportation
Potions
 c - a potion of might
 e - a potion of heal wounds {unknown}
 g - a potion of curing {unknown}
 i - a potion of cancellation {unknown}
 j - a potion of haste {unknown}
 k - a potion of magic {unknown}
 l - 2 potions of berserk rage {unknown}


   Skills:
 + Level 3.0 Fighting
 - Level 2.4 Dodging
 + Level 3.2 Shields
 + Level 2.8 Unarmed Combat


You had 2 spell levels left.
You didn't know any spells.
Your spell library contained the following spells:

 Spells                   Type           Power      Damage    Failure   Level
 Ignite Poison            Fire/Tmut/Pois 0%         N/A       98%         3
 Kindle Blastsparks       Fire/Tloc/Air  0%         2d10      98%         3
 Freezing Cloud           Conj/Ice/Air   0%         6-21      100%        5
 Borgnjor's Revivificati  Necr           0%         N/A       100%        8
 Necromutation            Tmut/Necr      0%         N/A       100%        8
 Death's Door             Necr           0%         N/A       100%        9


Dungeon Overview and Level Annotations

Branches:
Dungeon (2/15)

Altars:


Innate Abilities, Weirdness & Mutations

You are too large for most types of armour.
You have claws for hands.
Your natural rate of healing is unusually fast.
You are covered in fur. (AC +1)
You have tough skin. (AC +1)


Message History

f - a scroll labelled NETANU ZUIGO You now have 69 gold pieces (gained 4).
j - a puce potion An endoplasm comes into view.
The endoplasm quivers.
The endoplasm closely misses you.
You claw the endoplasm!
You kill the endoplasm!
Found a barding.
No target in view!
f - 2 scrolls labelled NETANU ZUIGO (gained 1)
You see here a +0 barding.
Found a stone staircase leading down.
No target in view!
You now have 77 gold pieces (gained 8).
k - a lumpy cyan potion A frilled lizard comes into view.
A frilled lizard is nearby!
You claw the frilled lizard!
You kill the frilled lizard!
No target in view!
A quokka comes into view.
You block the quokka's attack.
You completely miss the quokka. You block the quokka's attack.
The quokka bites you but does no damage.
You claw the quokka!
You kill the quokka!
No target in view!
You see here an adder skeleton.
You see here a +0 dagger.
l - 2 fuming ruby potions A goblin comes into view.
It is wielding a +0 club.
You closely miss the goblin. The goblin barely misses you.
You miss the goblin. The goblin hits you but does no damage.
You claw the goblin!
You kill the goblin!
Your Fighting skill increases to level 3!
No target in view!
You see here a +0 club.
Are you sure you want to abandon this character and quit the game? (Confirm with "yes".)

######### ........#
#######.# # #.# .#
#######.############.###
........................
........###.............
........# #.####........
........# #.# #@.......
........# #.# #........
#######.# #.# #........
#.# #.# #........ #.#
#.# #.#####.. #.# #.#
#.# . ## #.# #.# #.#
.######.###.# #.#
.[........#.#


There were no monsters in sight!

Vanquished Creatures
  2 adders (D:2)
  3 ball pythons
  2 endoplasms (D:2)
  2 giant cockroaches
  3 goblins
  3 hobgoblins
  4 jackals (D:1)
  A kobold (D:1)
  A quokka (D:2)
  4 bats (D:1)
  A frilled lizard (D:2)
  5 rats (D:1)
31 creatures vanquished.

Notes
Turn   | Place    | Note
-------+----------+-------------------------------------------
     0 | D:1      | mandoloar the Troll Fighter began the quest for the Orb.
     0 | D:1      | Reached XP level 1. HP: 22/22 MP: 0/0
   362 | D:1      | Reached XP level 2. HP: 29/29 MP: 1/1
   826 | D:2      | Reached XP level 3. HP: 34/36 MP: 2/2
  1270 | D:2      | Quit the game

Illustrated notes

Levels and vault maps discovered:
D:1:      dpeg_arrival_ratfight, layout_loops_corners
D:2:      layout_basic, moated_statue

Skill      XL: |  1  2  3 |
---------------+----------+-----
Shields        | 3 |  3.2
Fighting       | 3 |  3.0
Dodging        | |  2.4
Unarmed Combat | |  2.8

Action                     || total
---------------------------++-------
  Melee: Unarmed           ||    52
    Use: Scroll            ||     3
   Stab: Sleeping          ||     1
 Armour: Robe              ||    14
  Dodge: Dodged            ||    10
  Block: Kite shield       ||    28

Table legend: (Time is in decaauts)
 A = Elapsed time spent in this place.
 B = Non-inter-level travel time spent in this place.
 C = Inter-level travel time spent in this place.
 D = Time resting spent in this place.
 E = Time spent auto-exploring this place.
 F = Levels seen in this place.
 G = Mean time per level.
                   A        B        C        D        E       F      G
               +--------+--------+--------+--------+--------+-----+--------+
         Total |   1274 |   1266 |      8 |    103 |   1004 |   2 |  637.0 |
       Dungeon |   1274 |   1266 |      8 |    103 |   1004 |   2 |  637.0 |
               +--------+--------+--------+--------+--------+-----+--------+

Top non-repeatable levels by time:
     D:1: 813 daAuts
     D:2: 460 daAuts
